 Dungeon Crawl Stone Soup version 0.22.0-75-g3901e79 (webtiles) character file.

74 thewizardguy the Skirmisher (level 4, -2/35 HPs)
             Began as a Demonspawn Abyssal Knight on Sept 13, 2018.
             Was a Believer of Lugonu.
             Slain by Terence
             ... wielding a +2 hand axe of venom
              (4 damage)
             ... on level 2 of the Dungeon.
             The game lasted 00:20:44 (1869 turns).

thewizardguy the Skirmisher (DsAK)                  Turns: 1869, Time: 00:20:44

Health: -2/35      AC:  5    Str: 11 (13) XL:     4   Next: 10%
Magic:  6/6        EV: 10    Int: 13      God:    Lugonu [**....]
Gold:   118        SH:  0    Dex: 11 (13) Spells: 3/3 levels left

rFire    . . .     SeeInvis .   a - +1 spear
rCold    . . .     Gourm    .   (no shield)
rNeg     . . .     Faith    .   s - +0 ring mail
rPois    .         Spirit   .   (helmet restricted)
rElec    .         Reflect  .   (no cloak)
rCorr    .         Harm     .   (no gloves)
MR       .....                  (no boots)
Stlth    +.........             (no amulet)
HPRegen  0.11/turn              (no ring)
MPRegen  0.10/turn              (no ring)

@: lethally poisoned (-2 -> -20)
A: horns 1, talons 1
a: Depart the Abyss, Bend Space, Renounce Religion


You were on level 2 of the Dungeon.
You worshipped Lugonu.
Lugonu was pleased with you.
You were not hungry.

You visited 1 branch of the dungeon, and saw 2 of its levels.
You visited the Abyss 1 time.

You collected 118 gold pieces.

Inventory:

Hand Weapons
 a - a +1 spear (weapon)
 h - a +0 dagger
 k - a cursed -2 dagger
 l - a +0 short sword
 y - a +0 spear
Missiles
 f - 83 stones (quivered)
 g - 21 poisoned needles
 u - 41 arrows
Armour
 b - a +0 leather armour
 o - a +0 robe
 s - a +0 ring mail (worn)
 t - a +0 leather armour
Scrolls
 e - 2 scrolls of teleportation
 i - a scroll of enchant armour {unknown}
 j - a scroll of enchant weapon {unknown}
 m - 2 scrolls of remove curse {unknown}
 n - a scroll of amnesia {unknown}
 p - 2 scrolls of random uselessness
 q - 2 scrolls of identify {unknown}
Potions
 d - a potion of brilliance {unknown}
 r - 3 potions of degeneration
 v - a potion of heal wounds {unknown}
 w - 2 potions of cancellation
Comestibles
 c - 4 rations
 x - 5 chunks of flesh


   Skills:
 + Level 3.5 Fighting
 + Level 2.3 Polearms
 + Level 2.5 Armour
 + Level 1.5 Dodging
 + Level 3.0 Invocations


You had 3 spell levels left.
You didn't know any spells.
Your spell library was empty.

Dungeon Overview and Level Annotations

Branches:
Dungeon (2/15)

Altars:

Annotations:
D:2 Terence


Innate Abilities, Weirdness & Mutations

You have a pair of small horns on your head.
You have sharp toenails.


Message History

You feel sick. Terence hits you but does no damage.
You hit Terence but do no damage. You headbutt Terence, but do no damage.
Terence is almost dead.
You feel sick. Terence hits you but does no damage.
You are lethally poisoned!
You closely miss Terence.
Terence is almost dead.
You feel sick.
Terence hits you with a hand axe of venom.
* * * LOW HITPOINT WARNING * * *
You hit Terence but do no damage. Your headbutt misses Terence.
Terence is almost dead.
* * * LOW HITPOINT WARNING * * *
You feel sick. Terence completely misses you.
There are no items here.
It was a potion of cancellation.
You feel magically purged.
* * * LOW HITPOINT WARNING * * *
You feel sick.
Terence hits you with a hand axe of venom.
You die...

#.'........#.'....'.......#....
#.#......[.###....##..#########
#.#.....######.........#
#.#..............#.#...########
#.#..............#.#...##......
###..............#.##.###......
### #####.)........+.............
..#######..........##...##.......
..#.............@..##...##.......
.................@.###.###.......
.............#####.....# #.......
.............# #.#######.......
.............# #.).....#.......
##########...# #######.#.......
#...# ##......... #...#
##.......... #...#
####..)#.##....


You could see Terence.

Vanquished Creatures
  Robin (D:2)
  An adder (D:2)
  A worm (D:2)
  A dart slug (D:1)
  2 leopard geckos
  4 giant cockroaches
  13 goblins
  5 hobgoblins
  7 kobolds (D:1)
  5 bats (D:1)
  3 frilled lizards (D:2)
  3 rats (D:1)
46 creatures vanquished.

Notes
Turn   | Place    | Note
-------+----------+-------------------------------------------
     0 | Abyss:1  | thewizardguy the Demonspawn Abyssal Knight began the quest
                  | for the Orb.
     0 | Abyss:1  | Reached XP level 1. HP: 18/18 MP: 2/2
    31 | Abyss:1  | Noticed a small abomination
    31 | Abyss:1  | Noticed a blizzard demon
    31 | Abyss:1  | Noticed a stone giant skeleton
    33 | D:1      | Escaped the Abyss
   173 | D:1      | Gained mutation: You have a pair of small horns on your
                  | head. [demonic ancestry]
   173 | D:1      | Reached XP level 2. HP: 12/24 MP: 4/4
   304 | D:1      | Reached skill level 1 in Dodging
   448 | D:1      | Reached * piety under Lugonu
   900 | D:1      | Reached XP level 3. HP: 29/29 MP: 5/5
  1048 | D:2      | Noticed Terence
  1601 | D:2      | Noticed Robin
  1625 | D:2      | Reached ** piety under Lugonu
  1631 | D:2      | Killed Robin
  1631 | D:2      | Gained mutation: You have sharp toenails. [demonic
                  | ancestry]
  1631 | D:2      | Reached XP level 4. HP: 10/35 MP: 6/6
  1869 | D:2      | Slain by Terence

Skill      XL: |  1  2 |
---------------+-------+-----
Armour         | 2 |  2.5
Polearms       | 2 |  2.3
Dodging        | 1 |  1.5
Invocations    | 3 |  3.0
Fighting       | |  3.5

Action                   |  1- 3 |  4- 6 || total
-------------------------+-------+-------++-------
Melee: Spear             |   147 |    17 ||   164
       Headbutt          |    10 |     3 ||    13
       Kick              |       |     4 ||     4
Throw: Stone             |       |     1 ||     1
Invok: Depart the Abyss  |     1 |       ||     1
  Use: Scroll            |     2 |       ||     2
       Potion            |     1 |     1 ||     2
  Eat: Chunk             |     2 |     1 ||     3
Armor: Leather armour    |    20 |       ||    20
       Ring mail         |     7 |     3 ||    10
Dodge: Dodged            |    70 |     5 ||    75
